 Dungeon Crawl Stone Soup version 0.20.2 (webtiles) character file.

217 Alfie the Shooter (level 5, -2/46 HPs)
             Began as a Minotaur Hunter on Apr 7, 2020.
             Slain by a slave (5 damage)
             ... led by Pikel
             ... on level 3 of the Dungeon.
             The game lasted 00:11:23 (2581 turns).

Alfie the Shooter (Minotaur Hunter)                 Turns: 2581, Time: 00:11:24

Health: -2/46      AC:  3    Str: 18    XL:     5   Next: 61%
Magic:  4/4        EV: 12    Int:  8    God:
Gold:   117        SH:  0    Dex: 10    Spells: 4/4 levels left

rFire    . . .     SeeInvis .   a - +1 shortbow
rCold    . . .     Gourm    .   (shield currently unavailable)
rNeg     . . .     Faith    .   c - +0 leather armour
rPois    .         Spirit   .   (helmet restricted)
rElec    .         Reflect  .   (no cloak)
rCorr    .         Harm     .   (no gloves)
MR       .....                  (no boots)
Stlth    +.........             (no amulet)
Regen    0.2/turn               (no ring)
MPRegen  0.1/turn               (no ring)

@: no status effects
A: retaliatory headbutt, horns 2
a: no special abilities


You were on level 3 of the Dungeon.
You were not hungry.

You visited 1 branch of the dungeon, and saw 4 of its levels.
You also visited: Sewer.

You collected 117 gold pieces.

Inventory:

Hand Weapons
 a - a +1 shortbow (weapon)
 b - a +0 short sword
Missiles
 d - 20 arrows (quivered)
Armour
 c - a +0 leather armour (worn)
Jewellery
 e - an uncursed ring of protection from cold {unknown}
 h - an uncursed ring of magical power
 w - an uncursed ring of resist corrosion {unknown}
Wands
 x - a wand of disintegration (9/24)
Scrolls
 o - a scroll of recharging
 q - a scroll of teleportation
 r - a scroll of magic mapping {unknown}
 v - 2 scrolls of fear {unknown}
Potions
 g - 2 potions of curing {unknown}
 i - 3 potions of agility
 j - 2 potions of mutation {unknown}
 l - 2 potions of heal wounds {unknown}
 m - 2 potions of flight {unknown}
 s - a potion of cancellation {unknown}
 t - a potion of magic {unknown}
 u - a potion of haste {unknown}
Comestibles
 f - 3 bread rations
 k - 4 fruits
 p - a meat ration


   Skills:
 + Level 3.9 Fighting
 + Level 6.7 Bows
 + Level 1.7 Armour
 + Level 2.3 Dodging
 + Level 0.7 Stealth


You had 4 spell levels left.
You didn't know any spells.

Dungeon Overview and Level Annotations

Branches:
Dungeon (4/15)
 Temple: D:4-7

Altars:
Ashenzari

Annotations:
D:3 Pikel


Innate Abilities, Weirdness & Mutations

You reflexively headbutt those who attack you in melee.
You have a pair of horns on your head.


Message History

Pikel is moderately wounded.
The slave hits you.
* * * LOW HITPOINT WARNING * * *
Pikel misses you. You furiously retaliate!
You headbutt Pikel.
Firing (i - inventory):
d - 22 arrows (quivered)
Press: ? - help, Shift-Dir - straight line, f/p - Pikel
Aim: Pikel, wielding a whip of electrocution and wearing a robe (heavily wounded)
You shoot an arrow. The arrow hits Pikel.
Pikel is severely wounded.
The slave barely misses you.
Pikel hits you with a whip of electrocution.
* * * LOW HITPOINT WARNING * * *
Firing (i - inventory):
d - 21 arrows (quivered)
Press: ? - help, Shift-Dir - straight line, f/p - Pikel
Aim: Pikel, wielding a whip of electrocution and wearing a robe (severely wounded)
You shoot an arrow.
The arrow hits Pikel but does no damage.
Pikel is severely wounded.
The slave hits you.
You die...

#.#...................
#.#.#........######...
#.#.#.######## #...
#.#.#.#.....#######...
#.#.#.................
#.#.#.#.###.#########.
#.#.#.#.# #.# #.
#.#.#p#.###.#########.
#.#.#@................
#.#...K.....#########.
#.#####.#############.
#.....................
######.)#(############
#..#.#<..........
####..#.#..#.######.
#.....#..........##.
#.....###.##.###.##.


You could see Pikel and a slave.

Vanquished Creatures
  Jessica (D:2)
  Terence (D:2)
  Robin (D:3)
  4 adders
  3 worms
  A leopard gecko (D:3)
  2 orcs (D:3)
  8 bats
  4 giant cockroaches
  12 goblins
  7 hobgoblins
  15 jackals
  2 quokkas (D:3)
  9 ball pythons
  12 frilled lizards
  14 kobolds
  8 rats
104 creatures vanquished.

Notes
Turn   | Place    | Note
-------+----------+-------------------------------------------
     0 | D:1      | Alfie the Minotaur Hunter began the quest for the Orb.
     0 | D:1      | Reached XP level 1. HP: 18/18 MP: 0/0
   149 | D:1      | Reached XP level 2. HP: 25/25 MP: 1/1
   252 | D:1      | Reached skill level 5 in Bows
   580 | D:2      | Found a shattered altar of Ashenzari.
   597 | D:2      | Reached XP level 3. HP: 30/30 MP: 2/2
   806 | D:2      | Noticed Terence
   808 | D:2      | Noticed Jessica
   821 | D:2      | Killed Terence
   821 | D:2      | Reached XP level 4. HP: 38/38 MP: 3/3
   828 | D:2      | Killed Jessica
  1004 | D:3      | Reached skill level 6 in Bows
  1005 | D:3      | Noticed Robin
  1011 | D:3      | Killed Robin
  1032 | D:3      | Reached XP level 5. HP: 12/46 MP: 4/4
  1175 | D:3      | Found a glowing drain.
  1232 | Sewer    | Entered a sewer
  1284 | Sewer    | Reached skill level 1 in Armour
  2569 | D:4      | Noticed Pikel
  2569 | D:4      | Noticed a slave
  2569 | D:4      | Noticed a slave
  2569 | D:4      | Noticed a slave
  2569 | D:4      | Noticed a slave
  2581 | D:3      | Slain by a slave

Skill      XL: |  1  2  3  4  5 |
---------------+----------------+-----
Bows           | 5 6 |  6.7
Fighting       | 3 |  3.9
Armour         | 1 |  1.7
Dodging        | |  2.3
Stealth        | |  0.7

Action                   |  1- 3 |  4- 6 || total
-------------------------+-------+-------++-------
Melee: Short sword       |     5 |    12 ||    17
 Fire: Shortbow          |    97 |   165 ||   262
  Use: Scroll            |     3 |     2 ||     5
  Eat: Fruit             |       |     2 ||     2
       Bread ration      |       |     1 ||     1
Armor: Leather armour    |    13 |    28 ||    41
Dodge: Dodged            |    38 |    71 ||   109
